 Dungeon Crawl Stone Soup version 0.31.0-11-ge490571c62 (webtiles) character file.

Game seed: 11100119955585338674

704 qw the Skirmisher (level 7, -4/40 HPs)
             Began as a Deep Elf Hunter on Feb 4, 2024.
             Succumbed to a water moccasin's poison
             ... on level 5 of the Dungeon.
             The game lasted 00:00:14 (3496 turns).

qw the Skirmisher (Deep Elf Hunter)                 Turns: 3496, Time: 00:00:15

Health: -4/40      AC:  8    Str: 10    XL:     7   Next: 39%
Magic:  9/9        EV: 11    Int: 14    God:
Gold:   133        SH:  0    Dex: 18    Spells: 6/6 levels left

rFire   . . .        f - +0 arbalest
rCold   . . .        (shield currently unavailable)
rNeg    . . .        g - +0 ring mail
rPois   .            (no helmet)
rElec   .            (no cloak)
rCorr   .            (no gloves)
SInv    .            a - +2 pair of boots
Will    .....        (no amulet)
Stlth   +            (no ring)
HPRegen 0.26/turn    (no ring)
MPRegen 0.11/turn

%: no passive effects
@: lethally poisoned (-4 -> -22), about to teleport
A: no striking features
a: no special abilities


You were on level 5 of the Dungeon.
You visited 1 branch of the dungeon, and saw 5 of its levels.

You collected 173 gold pieces.
You spent 40 gold pieces at shops.


   Skills:
 - Level 2.6 Fighting
 + Level 10.9 Ranged Weapons
 - Level 1.1 Armour
 - Level 3.1 Dodging
 - Level 1.2 Stealth


You had 6 spell levels left.
You didn't know any spells.
Your spell library was empty.

Inventory:

Hand Weapons
 f - a +0 arbalest (weapon)
Armour
 a - a +2 pair of boots (worn)
 g - a +0 ring mail (worn)
Jewellery
 i - a ring of ice
Wands
 e - a wand of acid (9)
Scrolls
 c - a scroll of identify
 j - a scroll of teleportation
Potions
 b - a potion of curing
 d - 2 potions of resistance
 h - a potion of might

Dungeon Overview and Level Annotations

Branches:
Dungeon (5/15)
 Temple: D:4-7

Altars:
Dithmenos
Hepliaklqana
Uskayaw

Shops:
D:2 *


Message History

The water moccasin is lightly wounded.
The water moccasin barely misses you. The water moccasin bites you.
You shoot a bolt.
The bolt hits the water moccasin but does no damage.
The water moccasin is lightly wounded.
The water moccasin barely misses you.
The water moccasin bites you but does no damage.
You shoot a bolt.
The bolt barely misses the water moccasin.
The water moccasin bites you!
The water moccasin bites you but does no damage.
The water moccasin barely misses you.
You shoot a bolt.
The bolt closely misses the water moccasin.
The water moccasin bites you.
You shoot a bolt. The bolt hits the water moccasin!
The water moccasin is heavily wounded.
The water moccasin bites you.
You are poisoned.
The water moccasin poisons you! The water moccasin misses you.
The water moccasin barely misses you.
You shoot a bolt. The bolt hits the water moccasin.
The water moccasin is severely wounded.
You feel very sick.
The water moccasin bites you but does no damage.
The water moccasin bites you.
You shoot a bolt. The bolt hits the water moccasin.
The water moccasin is severely wounded.
You feel very sick. The water moccasin barely misses you.
The water moccasin bites you.
You are more poisoned.
The water moccasin poisons you!
3495 ||| READING 2 scrolls of teleportation.
As you read the scroll of teleportation, it crumbles to dust.
You feel strangely unstable.
You feel very sick. The water moccasin barely misses you.
You shoot a bolt. The bolt hits the water moccasin!!
You kill the water moccasin!
You die...

##.####...### #..#..###.... #.
##.##....##.## #.##
#..#.....#..# ##...##
##.##....##.## #..#...###
#...#.#..#..#
##.####...#####...####.##
#..#..#.#..%#.###.).#..####
##.##....##@##.).###...##...
#..#.....#..#..#)..###.##...
###.##....##.##.####...#.##...
.....###..#..#.....###)..###.#
#...####.##.##....##.## #.#
##..[#..#..#.....#..# #.#
###...##.##....##.## #.#
###.....###..#..# #.#
#####...####.## #.#


There were no monsters in sight!

Vanquished Creatures
  A water moccasin (D:5)
  A centaur (D:5)
  A phantom (D:4)
  2 scorpions (D:4)
  A howler monkey (D:5)
  A bombardier beetle (D:3)
  4 hounds
  A gnoll bouda (D:5)
  A sleepcap (D:5)
  2 iguanas
  An orc wizard (D:5)
  4 adders
  3 dart slugs
  A ribbon worm (D:3)
  An orc (D:5)
  4 bats
  7 endoplasms
  3 giant cockroaches
  5 hobgoblins
  3 quokkas
  4 ball pythons
  6 frilled lizards
  8 goblins
  5 kobolds
  9 rats
79 creatures vanquished.

Notes
Turn   | Place    | Note
-------+----------+-------------------------------------------
     0 | D:1      | qw the Deep Elf Hunter began the quest for the Orb.
     0 | D:1      | Reached XP level 1. HP: 12/12 MP: 3/3
     0 | D:1      | 0 ||| qw: Version: 0.3-a-160-g6735b56
     0 | D:1      | 0 ||| qw: Game counter: 5067
     0 | D:1      | 0 ||| qw: Melee chars always use a shield: true
     0 | D:1      | 0 ||| qw: God list: Okawaru
     0 | D:1      | 0 ||| qw: Allow faded altars: false
     0 | D:1      | 0 ||| qw: Do Orc after clearing Dungeon:15 true
     0 | D:1      | 0 ||| qw: Do second Lair branch before Depths: true
     0 | D:1      | 0 ||| qw: Lair rune preference: random
     0 | D:1      | 0 ||| qw: Goals: Normal
     0 | D:1      | 0 ||| PLANNING D:1-11
   187 | D:1      | Reached XP level 2. HP: 16/16 MP: 4/4
   220 | D:1      | Reached skill level 6 in Ranged Weapons
   936 | D:1      | 936 ||| READING scroll labelled IZUAPT KORIE.
   937 | D:1      | 937 ||| READING 2 scrolls labelled COHOEXOUSE.
   937 | D:1      | 937 ||| IDENTIFYING lumpy white potion
   938 | D:1      | 938 ||| READING scroll of identify.
   938 | D:1      | 938 ||| IDENTIFYING metallic purple potion
   939 | D:1      | 939 ||| READING scroll labelled QEODEVESHRA.
   943 | D:1      | 943 ||| DROPPING scroll of butterflies.
   944 | D:1      | 944 ||| DROPPING potion of berserk rage.
  1026 | D:2      | Found Xuyll's General Store.
  1030 | D:2      | 1030 ||| SHOPLISTING potion of mutation (80 gold, have 48).
  1030 | D:2      | 1030 ||| BUYING scroll of identify (20 gold).
  1030 | D:2      | Bought a scroll of identify for 20 gold pieces
  1030 | D:2      | 1030 ||| BUYING scroll of identify (20 gold).
  1030 | D:2      | Bought a scroll of identify for 20 gold pieces
  1066 | D:2      | Reached XP level 3. HP: 20/20 MP: 5/5
  1179 | D:2      | Reached skill level 7 in Ranged Weapons
  1210 | D:2      | 1210 ||| SWAPPING to +0 arbalest.
  1211 | D:2      | 1211 ||| DROPPING +0 shortbow.
  1521 | D:2      | 1521 ||| UPGRADING to +0 ring mail.
  1531 | D:2      | 1531 ||| DROPPING +0 leather armour.
  1532 | D:2      | 1532 ||| DROPPING ring of wizardry.
  1533 | D:2      | 1533 ||| READING 2 scrolls of identify.
  1533 | D:2      | 1533 ||| IDENTIFYING sapphire potion
  1534 | D:2      | 1534 ||| READING scroll of identify.
  1534 | D:2      | 1534 ||| IDENTIFYING clear potion
  1535 | D:2      | 1535 ||| READING scroll labelled JIALIH UDUET.
  1536 | D:2      | 1536 ||| DRINKING 2 coppery potions.
  1537 | D:2      | 1537 ||| DROPPING potion of magic.
  1568 | D:3      | 1568 ||| STAIRDANCE
  1571 | D:2      | HP: 3/20 [burnt (5)]
  1572 | D:2      | 1572 ||| READING 3 scrolls of teleportation.
  1572 | D:2      | HP: 1/20 [burnt (2)]
  1573 | D:2      | 1573 ||| DRINKING potion of heal wounds.
  1675 | D:3      | 1675 ||| STAIRDANCE
  1684 | D:3      | 1684 ||| STAIRDANCE
  1693 | D:3      | Reached XP level 4. HP: 25/25 MP: 6/6
  1755 | D:3      | Reached skill level 8 in Ranged Weapons
  2110 | D:3      | Found a faded altar of an unknown god.
  2152 | D:3      | Found a hide-covered altar of Uskayaw.
  2358 | D:3      | 2358 ||| UPGRADING to +2 pair of boots.
  2363 | D:3      | 2363 ||| READING 3 scrolls of identify.
  2363 | D:3      | 2363 ||| IDENTIFYING fuming puce potion
  2364 | D:3      | 2364 ||| DROPPING potion of attraction.
  2409 | D:4      | Reached XP level 5. HP: 29/29 MP: 7/7
  2574 | D:4      | Reached skill level 9 in Ranged Weapons
  2674 | D:4      | Found a hazy altar of Hepliaklqana.
  2675 | D:4      | Found a shadowy altar of Dithmenos.
  2675 | D:4      | Noticed a shadow
  2711 | D:4      | Noticed a phantom
  2719 | D:4      | Killed a phantom
  2720 | D:4      | Reached XP level 6. HP: 32/36 MP: 8/8
  2775 | D:4      | HP: 8/36 [poisoned by a scorpion]
  2999 | D:4      | 2999 ||| READING 2 scrolls of identify.
  2999 | D:4      | 2999 ||| IDENTIFYING fuming ruby potion
  3014 | D:5      | Entered Level 5 of the Dungeon
  3164 | D:5      | Reached skill level 10 in Ranged Weapons
  3267 | D:5      | Reached skill level 3 in Dodging
  3340 | D:5      | Reached skill level 1 in Armour
  3340 | D:5      | Reached XP level 7. HP: 40/40 MP: 9/9
  3494 | D:5      | HP: 8/40 [poisoned by a water moccasin]
  3495 | D:5      | 3495 ||| READING 2 scrolls of teleportation.
  3495 | D:5      | HP: 1/40 [poisoned by a water moccasin]
  3496 | D:5      | Succumbed to a water moccasin's poison

Levels and vault maps discovered:
D:1:      minmay_arrival_stone_box, layout_basic, serial_curves, eino_curves_03,
          eino_curves_02, nicolae_twisty_statue_hallways
D:2:      layout_basic, serial_curves, eino_curves_04, eino_curves_02,
          eino_curves_01, eino_curves_03, serial_shops, shop,
          kennysheep_generic_room_5
D:3:      layout_loops_ring, nicolae_uskayaw_suspiria,
          hellmonk_ecumenical_altar_crossroads
D:4:      layout_gridville, riverfiend_overflow_shadow_ancestor
D:5:      minmay_skewed_foursquare, layout_loops_corners,
          mainiacjoe_overflow_24_doors

Skill      XL: |  1  2  3  4  5  6 |
---------------+-------------------+-----
Ranged Weapons | 6 7 8 9 10 | 10.9
Fighting       | 2 |  2.6
Dodging        | 3 |  3.1
Armour         | 1 |  1.1
Stealth        | |  1.2

Action                     |  1- 3 |  4- 6 |  7- 9 || total
---------------------------+-------+-------+-------++-------
   Fire: Shortbow          |    63 |       |       ||    63
         Arbalest          |    26 |   100 |    21 ||   147
    Use: Scroll            |     8 |     2 |     1 ||    11
         Potion            |     2 |       |       ||     2
 Armour: Leather armour    |     8 |       |       ||     8
         Ring mail         |     7 |    48 |    21 ||    76
  Dodge: Dodged            |    25 |    33 |    12 ||    70

Table legend:
 A = Non-vault XP
 B = Vault XP
 C = Vault XP percentage of total XP
 D = Non-vault monster count
 E = Vault monster count
 F = Vault count percentage of total count
                 A         B        C        D         E       F
            +---------+---------+-------+---------+---------+-------
      Total |     683 |     481 |  41.3 |      69 |      10 |  12.7
            +---------+---------+-------+---------+---------+-------
        D:1 |      23 |       0 |   0.0 |      16 |       0 |   0.0
        D:2 |      55 |      16 |  22.5 |      22 |       3 |  12.0
        D:3 |      90 |       0 |   0.0 |      12 |       0 |   0.0
        D:4 |     417 |       0 |   0.0 |      16 |       0 |   0.0
        D:5 |      98 |     465 |  82.6 |       3 |       7 |  70.0
            +---------+---------+-------+---------+---------+-------
